 Dungeon Crawl Stone Soup version 0.28-a0-622-gbaef9634d7 (webtiles) character file.

Game seed: 13722549703280233843

7 emenbfqeblb the Sneak (level 1, 0/9 HPs)
             Began as a Spriggan Enchanter on Oct 7, 2021.
             Slain by a giant cockroach (1 damage)
             ... on level 2 of the Dungeon.
             The game lasted 00:01:56 (1144 turns).

emenbfqeblb the Sneak (Spriggan Enchanter)          Turns: 1144, Time: 00:01:57

Health: 0/9        AC:  2    Str:  4    XL:     1   Next: 91%
Magic:  5/5        EV: 17    Int: 16    God:
Gold:   7          SH:  0    Dex: 15    Spells: 6/6 levels left

rFire   . . .      SeeInvis +   a - +2 dagger
rCold   . . .      Faith    .   (shield restricted)
rNeg    . . .      Spirit   .   b - +0 robe
rPois   .          Reflect  .   (helmet restricted)
rElec   .          Harm     .   (no cloak)
rCorr   .          Rampage  .   (gloves unavailable)
Will    .....                   (boots unavailable)
Stlth   +++.......              (no amulet)
HPRegen 0.03/turn               (no ring)
MPRegen 0.09/turn               (no ring)

@: attractive, very quick
A: very small, no large weapons, unfitting armour, see invisible, speed 3
a: no special abilities


You were on level 2 of the Dungeon.
You visited 1 branch of the dungeon, and saw 2 of its levels.

You collected 7 gold pieces.

Inventory:

Hand Weapons
 a - a +2 dagger (weapon)
Armour
 b - a +0 robe (worn)
Scrolls
 d - a scroll of fear {unknown}
Potions
 c - a potion of invisibility


   Skills:
 - Level 1.1 Short Blades
 - Level 2.6 Dodging
 - Level 4.4 Stealth
 + Level 3.1 Spellcasting
 + Level 4.0 Hexes


You had 6 spell levels left.
You didn't know any spells.
Your spell library contained the following spells:

 Spells                   Type           Power      Damage    Failure   Level
 Confusing Touch          Hex            15%        N/A       11%         3
 Tukima's Dance           Hex            15%        N/A       11%         3
 Ensorcelled Hibernation  Hex/Ice        16%        N/A       12%         2
 Dazzling Flash           Conj/Hex       16%        N/A       24%         3


Dungeon Overview and Level Annotations

Branches:
Dungeon (2/15)

Altars:


Innate Abilities, Weirdness & Mutations

You are very small and have problems with some larger weapons.
You are too small for most types of armour.
You have supernaturally acute eyesight. (SInv)
You cover ground extremely quickly. (Speed+++)


Message History

You are too injured to fight recklessly!
You are too injured to fight recklessly!
You are too injured to fight recklessly!
You are too injured to fight recklessly!
You are too injured to fight recklessly!
You hit the quokka but do no damage.
The quokka is lightly wounded.
The quokka barely misses you. x2
You barely miss the quokka.
The quokka is lightly wounded.
The quokka bites you.
* * * LOW HITPOINT WARNING * * *
Unknown command.
There is an escape hatch in the floor here.
You slide downwards.
The hatch slams shut behind you.
Found 5 gold pieces.
Unknown command.
Unknown command.
An adder comes into view.
Found a scroll labelled PIQAODI DIUMUT.
Found 24 arrows.
f - a scroll labelled PIQAODI DIUMUT
As you read the scroll labelled PIQAODI DIUMUT, it crumbles to dust.
It is a scroll of enchant weapon.
Your +1 dagger glows red for a moment.
A giant cockroach comes into view.
A bat comes into view.
You barely miss the giant cockroach. The giant cockroach misses you.
The bat hits you.
* * * LOW HITPOINT WARNING * * *
The giant cockroach misses you.
Unknown command.
It was a potion of attraction.
You feel attractive to monsters. The bat barely misses you.
The giant cockroach closely misses you.
Unknown command.
Unknown command.
The bat misses you. The adder is attracted toward you.
Found a scroll labelled AXIERIU MAARHA.
The giant cockroach bites you.
You die...

≈≈≈≈###..#
.≈≈≈≈≈≈....# .
≈≈≈≈≈≈....# ?.
≈≈≈≈###..# #.
#≈≈#§..#.# #.⌠
#≈≈#.⌠.#.#
#...#≈≈#..(#.#
..###≈..S###..#
.......@..b...#
........B....##
##############


You could see an adder (wandering), a giant cockroach and a bat.

Vanquished Creatures
  A bat (D:1)
  An endoplasm (D:1)
  2 hobgoblins (D:1)
  A jackal (D:1)
  A kobold (D:1)
6 creatures vanquished.

Notes
Turn   | Place    | Note
-------+----------+-------------------------------------------
     0 | D:1      | emenbfqeblb the Spriggan Enchanter began the quest for the
                  | Orb.
     0 | D:1      | Reached XP level 1. HP: 9/9 MP: 5/5
  1144 | D:2      | Slain by a giant cockroach

Illustrated notes

Levels and vault maps discovered:
D:1:      amcnicky_arrival_abandoned_market, layout_basic
D:2:      layout_rooms, fountainhead, minmay_cupped

Skill      XL: |  1 |
---------------+----+-----
Spellcasting   | 3 |  3.1
Hexes          | 4 |  4.0
Short Blades   | |  1.1
Dodging        | |  2.6
Stealth        | |  4.4

Action                   || total
-------------------------++-------
Melee: Dagger            ||    44
  Use: Scroll            ||     2
       Potion            ||     1
 Stab: Sleeping          ||     1
Armor: Robe              ||     3
Dodge: Dodged            ||    40

Table legend: (Time is in decaauts)
 A = Elapsed time spent in this place.
 B = Non-inter-level travel time spent in this place.
 C = Inter-level travel time spent in this place.
 D = Time resting spent in this place.
 E = Time spent auto-exploring this place.
 F = Levels seen in this place.
 G = Mean time per level.
                   A        B        C        D        E       F      G
               +--------+--------+--------+--------+--------+-----+--------+
         Total |    980 |    980 |      0 |    417 |    341 |   2 |  490.0 |
       Dungeon |    980 |    980 |      0 |    417 |    341 |   2 |  490.0 |
               +--------+--------+--------+--------+--------+-----+--------+

Top non-repeatable levels by time:
     D:1: 927 daAuts
     D:2: 52 daAuts
